AoeStats
← REHBITSCH4

Arabia

507975047Analyzed
2v2 RM · 11d ago on Sep 20, 2026· 29m 40s· 4 players
Game mode
Random Map
Map size
Medium (4 player)
Population
200
Speed
Normal
Resources
Standard
Victory
Conquest
Starting age
Dark Age
Ending age
Imperial Age
RankedLock teamsTeams togetherTeam positionsShared explorationLock speedFull tech treeHidden civsTurbo modeCheats
Victory
Defeat
🇩🇪 Khmer · Germany
822
+12
🇩🇪 Magyars · Germany
822
+12
🇨🇳 Italians · China
756
-14
🇩🇪 Britons · Germany
689
-10
83716497273
REHBITSCH4
9:49 Feudal Age
11:06 Double-Bit Axe
15:26 Castle Age
14:37 Fletching
15:05 Stone Mining
Kyriakos Papadopoulos
10:21 Feudal Age
15:55 Castle Age
14:01 Double-Bit Axe
14:03 Horse Collar
18:02 Gold Mining
18:52 Bow Saw
20:22 Loom
25:10 Forging
25:11 Scale Barding Armor
31:57 Imperial Age
albert.bugdol
10:30 Feudal Age
11:38 Double-Bit Axe
12:02 Loom
11:58 Horse Collar
19:52 Castle Age
20:14 Wheelbarrow
20:33 Heavy Plow
20:47 Bow Saw
20:27 Light Cavalry
23:58 Town Watch
26:36 Scale Barding Armor
Connection lost

Rejoining the realm…

Still unreachable

The connection could not be restored.

Session expired

The server has moved on; the page needs a fresh start.